 Dungeon Crawl Stone Soup version 0.26-b1-59-ge38874ec40 (webtiles) character file.

Game seed: 12752347266133575366

233 radhat240 the Skirmisher (level 6, -9/56 HPs)
             Began as a Hill Orc Fighter on Jan 8, 2021.
             Was an Initiate of Beogh.
             Engulfed by a smoke demon's steam (10 damage)
             ... created by the fury of Makhleb
             ... on level 5 of the Dungeon.
             The game lasted 00:09:51 (4667 turns).

radhat240 the Skirmisher (Hill Orc Fighter)         Turns: 4667, Time: 00:09:51

Health: -9/56      AC:  7    Str: 21    XL:     6   Next: 4%
Magic:  6/6        EV:  7    Int:  8    God:    Beogh [......]
Gold:   148        SH: 10    Dex: 10    Spells: 5/5 levels left

rFire    . . .     SeeInvis .   a - +1 war axe
rCold    . . .     Faith    .   c - +1 kite shield
rNeg     + . .     Spirit   .   b - +0 scale mail
rPois    .         Reflect  .   (no helmet)
rElec    .         Harm     .   (no cloak)
rCorr    .         Rampage  .   (no gloves)
Will     .....                  (no boots)
Stlth    ..........             (no amulet)
HPRegen  0.18/turn              f - ring of positive energy
MPRegen  0.10/turn              n - ring of wizardry

@: no status effects
A: no striking features
a: Renounce Religion


You were on level 5 of the Dungeon.
You worshipped Beogh.
Beogh was noncommittal.
You visited 2 branches of the dungeon, and saw 6 of its levels.

You collected 148 gold pieces.

Inventory:

Hand Weapons
 a - a +1 war axe (weapon)
Missiles
 m - 4 javelins (quivered)
Armour
 b - a +0 scale mail (worn)
 c - a +1 kite shield (worn)
Jewellery
 f - a ring of positive energy (left hand)
 n - a ring of wizardry (right hand)
Wands
 l - a wand of disintegration (7)
Scrolls
 g - 2 scrolls of blinking
 h - a scroll of remove curse
 j - 2 scrolls of enchant armour
 k - a scroll of immolation
Potions
 d - 2 potions of might
 e - a potion of haste
 i - a potion of brilliance


   Skills:
 + Level 5.0 Fighting
 + Level 4.5 Axes
 + Level 4.6 Armour
 + Level 4.5 Shields


You had 5 spell levels left.
You didn't know any spells.
Your spell library contained the following spells:

 Spells                   Type           Power        Failure   Level
 Confusing Touch          Hex            0%           99%         3
 Gell's Gravitas          Tloc           0%           99%         3
 Petrify                  Tmut/Erth      0%           100%        4
 Metabolic Englaciation   Hex/Ice        0%           100%        5
 Yara's Violent Unravell  Hex/Tmut       0%           100%        5


Dungeon Overview and Level Annotations

Branches:
Dungeon (5/15)             Temple (1/1) D:4

Altars:
Dithmenos
Elyvilon
Fedhas
Hepliaklqana
Kikubaaqudgha
Makhleb
Nemelex Xobeh
Okawaru
Qazlal
Ru
Sif Muna
Uskayaw
Vehumet
Wu Jian
Xom
Zin


Message History

The smoke demon hits you but does no damage.
The smoke demon completely misses you. You block the smoke demon's attack.
The smoke demon gestures at you. Makhleb smites you!
The smoke demon hits you but does no damage.
The smoke demon closely misses you.
The smoke demon hits you but does no damage.
The smoke demon hits you but does no damage.
You block the smoke demon's attack.
The smoke demon hits you but does no damage.
The smoke demon hits you.
The smoke demon hits you but does no damage.
You block the smoke demon's attack. The smoke demon hits you.
You block the smoke demon's attack. The smoke demon closely misses you.
The smoke demon gestures at you. The ball of steam hits you!!
* * * LOW HITPOINT WARNING * * *
You are engulfed in a cloud of scalding steam.
You die...

............#
...........##
...........>
#.........##
####...........
............$#
####.........#
.....ยงยง@3.#
.......##.#
.####.# # #+


You could see a smoke demon.

Vanquished Creatures
  A howler monkey (D:4)
  2 orc wizards (D:3)
  Ijyb (D:3)
  2 adders
  A gnoll (D:1)
  A shadow imp (D:3)
  2 worms
  A dart slug (D:3)
  4 leopard geckos
  7 orcs
  4 bats (D:1)
  A giant cockroach (D:1)
  10 goblins
  5 hobgoblins
  A ball python (D:1)
  4 kobolds
  7 rats
54 creatures vanquished.

Notes
Turn   | Place    | Note
-------+----------+-------------------------------------------
     0 | D:1      | radhat240 the Hill Orc Fighter began the quest for the Orb.
     0 | D:1      | Reached XP level 1. HP: 19/19 MP: 1/1
   195 | D:1      | Reached XP level 2. HP: 17/27 MP: 2/2
   610 | D:1      | Reached skill level 4 in Fighting
   670 | D:1      | Reached XP level 3. HP: 33/33 MP: 3/3
  1404 | D:2      | Found a blossoming altar of Fedhas.
  1604 | D:2      | Found an ancient bone altar of Kikubaaqudgha.
  2522 | D:3      | Reached XP level 4. HP: 22/40 MP: 4/4
  2815 | D:3      | HP: 1/41 [orc wizard/+0 dagger (2)]
  2817 | D:3      | Reached XP level 5. HP: 2/47 MP: 5/5
  3260 | D:3      | Noticed Ijyb
  3276 | D:3      | Killed Ijyb
  4022 | D:4      | Found a staircase to the Ecumenical Temple.
  4029 | Temple   | Entered the Ecumenical Temple
  4077 | Temple   | Became a worshipper of Makhleb the Destroyer
  4213 | D:4      | Found a radiant altar of Vehumet.
  4227 | D:4      | Fell from the grace of Makhleb
  4227 | D:4      | Became a worshipper of Beogh the Brigand
  4281 | D:4      | Reached skill level 5 in Fighting
  4281 | D:4      | Reached XP level 6. HP: 34/56 MP: 6/6
  4339 | D:4      | Noticed a hellwing
  4394 | D:5      | Entered Level 5 of the Dungeon
  4653 | D:5      | Noticed a smoke demon
  4666 | D:5      | HP: 1/56 [smoke demon/ball of steam[the fury of Makhleb]
                  | (23)]
  4667 | D:5      | Engulfed by a smoke demon's steam

Illustrated notes

Levels and vault maps discovered:
D:1:      co_arrival_random_square_maze, layout_loops_corners
D:2:      layout_loops_corners, fedhas_altar_1, kiku_gazebo_pond_becter
D:3:      layout_loops_corners, uniq_ijyb
D:4:      layout_loops_cross, lemuel_crystal_altar,
          amethyst_overflow_temple_binary, minmay_temple_entry_wispy,
          uniq_grinder, uniq_edmund
D:5:      layout_basic, yredelemnul_forgotten_temple_becter, serial_shops, shop,
          gammafunk_ghost_cemetery, makhleb_altar_promises_db, uniq_sigmund
Temple:   cyrus_circular_temple

Skill      XL: |  1  2  3  4  5 |
---------------+----------------+-----
Axes           | 3 4 |  4.5
Fighting       | 4 5 |  5.0
Armour         | 4 |  4.6
Shields        | 4 |  4.5

Action                   |  1- 3 |  4- 6 || total
-------------------------+-------+-------++-------
Melee: War axe           |   121 |   100 ||   221
Invok: Convert to Beogh  |       |     1 ||     1
  Use: Scroll            |     7 |     6 ||    13
       Potion            |     3 |     1 ||     4
Armor: Scale mail        |    40 |    40 ||    80
Dodge: Dodged            |    35 |    25 ||    60
Block: Kite shield       |    65 |    60 ||   125
